 Dungeon Crawl Stone Soup version 0.28-a0-1629-gf728b707aa (webtiles) character file.

Game seed: 18165014061537283563

276 dolemite99 the Chiller (level 6, -2/47 HPs)
             Began as a Gnoll Wanderer on Jan 25, 2022.
             Was a Priest of Elyvilon.
             Slain by a scorpion (5 damage)
             ... on level 3 of the Dungeon.
             The game lasted 00:06:03 (5359 turns).

dolemite99 the Chiller (Gnoll Wanderer)             Turns: 5359, Time: 00:06:03

Health: -2/47      AC: 10    Str: 12    XL:     6   Next: 25%
Magic:  11/11      EV:  9    Int: 11    God:    Elyvilon [***...]
Gold:   155        SH:  0    Dex: 13    Spells: 10/11 levels left

rFire   + . .      SeeInvis +   a - +0 quarterstaff
rCold   . . .      Faith    .   (shield currently unavailable)
rNeg    . . .      Spirit   .   m - +3 scale mail {rF+}
rPois   .          Reflect  .   (no helmet)
rElec   .          Harm     .   (no cloak)
rCorr   .          Rampage  .   (no gloves)
Will    .....                   i - +0 pair of boots
Stlth   +.........              (no amulet)
HPRegen 0.15/turn               h - ring of see invisible
MPRegen 0.12/turn               (no ring)

@: lethally poisoned (-2 -> -7)
A: fangs 1, strong nose, distributed training
a: Renounce Religion, Purification, Heal Other, Heal Self


You were on level 3 of the Dungeon.
You worshipped Elyvilon.
Elyvilon was most pleased with you.
You visited 1 branch of the dungeon, and saw 4 of its levels.

You collected 155 gold pieces.

Inventory:

Hand Weapons
 a - a +0 quarterstaff (weapon)
Missiles
 c - 3 boomerangs
 f - 138 stones
 l - 72 arrows
 t - 3 poisoned darts
 w - 12 bolts
Armour
 i - a +0 pair of boots (worn)
 k - a +0 chain mail
 m - a +3 scale mail of fire resistance (worn)
Magical Staves
 r - a staff of death
Jewellery
 e - a +4 ring of evasion
 h - a ring of see invisible (left hand)
Wands
 b - a wand of polymorph (6)
 v - a wand of flame (19)
Scrolls
 o - a scroll of immolation
Potions
 d - a potion of brilliance
 g - 2 potions of attraction


   Skills:
 + Level 3.2 Fighting
 + Level 1.9 Short Blades
 + Level 1.9 Long Blades
 + Level 1.9 Axes
 + Level 1.9 Maces & Flails
 + Level 1.9 Polearms
 + Level 4.9 Staves
 + Level 1.9 Slings
 + Level 1.9 Bows
 + Level 1.9 Crossbows
 + Level 1.9 Throwing
 + Level 1.9 Armour
 + Level 3.2 Dodging
 + Level 1.9 Stealth
 + Level 1.9 Shields
 + Level 1.9 Unarmed Combat
 + Level 3.4 Spellcasting
 + Level 1.5 Conjurations
 + Level 1.5 Hexes
 + Level 1.5 Summonings
 + Level 1.5 Necromancy
 + Level 1.5 Translocations
 + Level 1.5 Transmutations
 + Level 1.5 Fire Magic
 + Level 5.6 Ice Magic
 + Level 1.5 Air Magic
 + Level 1.5 Earth Magic
 + Level 1.5 Poison Magic
 + Level 2.1 Invocations
 + Level 4.9 Evocations


You had 10 spell levels left.
You knew the following spells:

 Your Spells              Type           Power      Damage    Failure   Level
a - Freeze                Ice            56%        1d7       13%         1

Your spell library contained the following spells:

 Spells                   Type           Power      Damage    Failure   Level
 Frozen Ramparts          Ice            28%        1d4       36%         3
 Ensorcelled Hibernation  Hex/Ice        18%        N/A       41%         2
 Passwall                 Tmut/Erth      4%         N/A       71%         2
 Swiftness                Air            5%         N/A       91%         3
 Hailstorm                Conj/Ice       9%         3d4       96%         4
 Animate Dead             Necr           2%         N/A       100%        4
 Borgnjor's Vile Clutch   Necr/Erth      2%         N/A       100%        5
 Death Channel            Necr           2%         N/A       100%        6


Dungeon Overview and Level Annotations

Branches:
Dungeon (4/15)
 Temple: D:4-7

Altars:
Elyvilon
Qazlal

Annotations:
D:3 Grinder
D:4 exclusion: upstairs, Pikel


Innate Abilities, Weirdness & Mutations

You have very sharp teeth.
Your uncanny sense of smell can sniff out nearby items.
Your experience applies equally to all skills.


Message History

You hit the scorpion but do no damage.
The scorpion is moderately wounded.
* * * LOW HITPOINT WARNING * * *
You feel very sick.
The scorpion stings you but does no damage.
You feel better.
The scorpion stings you but does no damage. x2
You hit the scorpion but do no damage.
The scorpion is moderately wounded.
The scorpion stings you but does no damage.
You hit the scorpion.
The scorpion is heavily wounded.
The scorpion stings you.
* * * LOW HITPOINT WARNING * * *
You closely miss the scorpion.
The scorpion is heavily wounded.
The scorpion closely misses you.
You hit the scorpion but do no damage.
The scorpion is heavily wounded.
The scorpion stings you but does no damage.
The scorpion stings you.
* * * LOW HITPOINT WARNING * * *
You are lethally poisoned!
The scorpion poisons you!
You hit the scorpion.
The scorpion is severely wounded.
* * * LOW HITPOINT WARNING * * *
You feel very sick.
The scorpion stings you but does no damage.
You hit the scorpion but do no damage. You bite the scorpion.
The scorpion is almost dead.
* * * LOW HITPOINT WARNING * * *
You feel sick.
The scorpion stings you but does no damage.
Okay, then.
You hit the scorpion but do no damage.
The scorpion is almost dead.
* * * LOW HITPOINT WARNING * * *
You feel sick. The scorpion stings you.
You die...

#.#<# #......# #.#.##
## #......#
#####....###
#.......###.#
.............##.#####.#
#.#
##.###...###.##.#####.#
#†# #.# ##.##.. ..
..##.# #.# #.# #.##.#
#. #.##.# #.# ##.#
#.##.# #.##.##.###.#
...# .....#
#s@.........# ....
###.# ############# ...
#.# #.# #># #.# . ... .
.#### .#


You could see a scorpion.

Vanquished Creatures
  A hound (D:4)
  An orc priest (D:4)
  Terence (D:2)
  An orc wizard (D:3)
  A hound skeleton (D:4)
  8 adders
  2 worms
  A dart slug (D:1)
  6 orcs
  6 bats
  4 endoplasms
  11 goblins
  3 hobgoblins (D:1)
  3 jackals (D:3)
  10 kobolds
  3 quokkas
  4 ball pythons
  5 frilled lizards
  3 rats
74 creatures vanquished.

Vanquished Creatures (others)
  4 toadstools (D:1)
4 creatures vanquished.

Grand Total: 78 creatures vanquished

Notes
Turn   | Place    | Note
-------+----------+-------------------------------------------
     0 | D:1      | dolemite99 the Gnoll Wanderer began the quest for the Orb.
     0 | D:1      | dolemite99 set off with the following items: a +0
                  | quarterstaff, a wand of polymorph (6), a +0 robe; and the
                  | following spell memorised: Freeze; and the following spells
                  | available to memorise: Frozen Ramparts, Hailstorm
     0 | D:1      | Reached XP level 1. HP: 17/17 MP: 4/4
   512 | D:1      | Reached XP level 2. HP: 18/23 MP: 5/5
   801 | D:1      | Found a faded altar of an unknown god.
   814 | D:1      | Prayed at the altar of an unknown god.
   814 | D:1      | Became a worshipper of Elyvilon the Healer
   814 | D:1      | Reached * piety under Elyvilon
  1304 | D:1      | Reached XP level 3. HP: 28/28 MP: 7/7
  1529 | D:1      | Reached ** piety under Elyvilon
  1584 | D:2      | Noticed Terence
  1812 | D:2      | Killed Terence
  1813 | D:2      | Reached skill level 1 in Short Blades
  1813 | D:2      | Reached skill level 1 in Long Blades
  1813 | D:2      | Reached skill level 1 in Axes
  1813 | D:2      | Reached skill level 1 in Maces & Flails
  1813 | D:2      | Reached skill level 1 in Polearms
  1813 | D:2      | Reached skill level 1 in Slings
  1813 | D:2      | Reached skill level 1 in Bows
  1813 | D:2      | Reached skill level 1 in Crossbows
  1813 | D:2      | Reached skill level 1 in Throwing
  1813 | D:2      | Reached skill level 1 in Armour
  1813 | D:2      | Reached skill level 1 in Stealth
  1813 | D:2      | Reached skill level 1 in Shields
  1813 | D:2      | Reached skill level 1 in Unarmed Combat
  1813 | D:2      | Reached skill level 1 in Invocations
  1813 | D:2      | Reached XP level 4. HP: 5/34 MP: 8/8
  2278 | D:2      | Found a stormy altar of Qazlal.
  2391 | D:2      | Reached skill level 1 in Conjurations
  2391 | D:2      | Reached skill level 1 in Hexes
  2391 | D:2      | Reached skill level 1 in Summonings
  2391 | D:2      | Reached skill level 1 in Necromancy
  2391 | D:2      | Reached skill level 1 in Translocations
  2391 | D:2      | Reached skill level 1 in Transmutations
  2391 | D:2      | Reached skill level 1 in Fire Magic
  2391 | D:2      | Reached skill level 1 in Air Magic
  2391 | D:2      | Reached skill level 1 in Earth Magic
  2391 | D:2      | Reached skill level 1 in Poison Magic
  3269 | D:3      | Reached XP level 5. HP: 29/40 MP: 9/9
  4107 | D:3      | Noticed Grinder
  4154 | D:3      | Reached *** piety under Elyvilon
  4989 | D:4      | Reached XP level 6. HP: 47/47 MP: 10/10
  5083 | D:4      | Noticed Pikel
  5359 | D:3      | Slain by a scorpion

Illustrated notes

Levels and vault maps discovered:
D:1:      ldierk_water_garden, layout_loops_ring,
          hellmonk_ecumenical_altar_pennies_from_heaven
D:2:      layout_loops_cross, basic_altar, minmay_split_cup_large, uniq_terence
D:3:      layout_loops_ring, uniq_grinder
D:4:      layout_rooms, minmay_temple_entry_butterflies, feat_on_display,
          uniq_robin, uniq_pikel

Skill      XL: |  1  2  3  4  5 |
---------------+----------------+-----
Short Blades   | 1 |  1.9
Long Blades    | 1 |  1.9
Axes           | 1 |  1.9
Maces & Flails | 1 |  1.9
Polearms       | 1 |  1.9
Slings         | 1 |  1.9
Bows           | 1 |  1.9
Crossbows      | 1 |  1.9
Throwing       | 1 |  1.9
Armour         | 1 |  1.9
Stealth        | 1 |  1.9
Shields        | 1 |  1.9
Unarmed Combat | 1 |  1.9
Invocations    | 1 2 |  2.1
Spellcasting   | 3 |  3.4
Conjurations   | 1 |  1.5
Hexes          | 1 |  1.5
Summonings     | 1 |  1.5
Necromancy     | 1 |  1.5
Translocations | 1 |  1.5
Transmutations | 1 |  1.5
Fire Magic     | 1 |  1.5
Air Magic      | 1 |  1.5
Earth Magic    | 1 |  1.5
Poison Magic   | 1 |  1.5
Fighting       | 3 |  3.2
Dodging        | 3 |  3.2
Staves         | |  4.9
Ice Magic      | |  5.6
Evocations     | |  4.9

Action                   |  1- 3 |  4- 6 || total
-------------------------+-------+-------++-------
Melee: Quarterstaff      |    84 |   206 ||   290
       Bite              |     4 |    16 ||    20
  Use: Potion            |       |     3 ||     3
       Scroll            |       |     8 ||     8
 Stab: Sleeping          |     1 |       ||     1
Armor: Robe              |     5 |       ||     5
       Leather armour    |    14 |       ||    14
       Ring mail         |     2 |       ||     2
       Scale mail        |       |   107 ||   107
Dodge: Dodged            |    46 |    74 ||   120

Table legend: (Time is in decaauts)
 A = Elapsed time spent in this place.
 B = Non-inter-level travel time spent in this place.
 C = Inter-level travel time spent in this place.
 D = Time resting spent in this place.
 E = Time spent auto-exploring this place.
 F = Levels seen in this place.
 G = Mean time per level.
                   A        B        C        D        E       F      G
               +--------+--------+--------+--------+--------+-----+--------+
         Total |   5386 |   5273 |    113 |   2841 |   1339 |   4 | 1346.5 |
       Dungeon |   5386 |   5273 |    113 |   2841 |   1339 |   4 | 1346.5 |
               +--------+--------+--------+--------+--------+-----+--------+

Top non-repeatable levels by time:
     D:1: 2187 daAuts
     D:3: 1110 daAuts
     D:2: 1080 daAuts
     D:4: 1007 daAuts
